 Dungeon Crawl Stone Soup version 0.26-a0-1102-g347fe5baa7 (webtiles) character file.

Game seed: 7217598632483733009

1409 sokol815 the Destroyer (level 8, -1/46 HPs)
             Began as an Octopode Conjurer on Dec 16, 2020.
             Was an Initiate of Gozag.
             Slain by Prince Ribbit (8 damage)
             ... on level 5 of the Dungeon.
             The game lasted 00:21:34 (6928 turns).

sokol815 the Destroyer (Octopode Conjurer)          Turns: 6928, Time: 00:21:34

Health: -1/46      AC:  1    Str:  7    XL:     8   Next: 70%
Magic:  7/11       EV: 15    Int: 27    God:    Gozag
Gold:   206        SH:  5    Dex: 11    Spells: 8/11 levels left

rFire    + . .     SeeInvis .   a - +2 dagger (drain)
rCold    x . .     Faith    .   (no shield)
rNeg     . . .     Spirit   .   (helmet restricted)
rPois    .         Reflect  +   C - amulet of reflection
rElec    .         Harm     .   g - ring of wizardry {Wiz+, !d}
rCorr    +         Rampage  .   u - ring of resist corrosion
Will     .....                  y - ring of fire {rF+, rC-}
Stlth    ++++......             D - ring of flight {+Fly, !d}
HPRegen  0.15/turn              E - +6 ring of intelligence
MPRegen  0.12/turn              (no ring)
                                (no ring)
                                (no ring)

@: no status effects
A: almost no armour, stealthy swim, amphibious, 8 rings, constrict 8, camouflage
1, blink, screaming 1, gelatinous body 1, MP-powered wands
a: Blink, Potion Petition, Call Merchant, Bribe Branch, Renounce Religion, Evoke
Flight


You were on level 5 of the Dungeon.
You worshipped Gozag.
Gozag was aware of your devotion.
You visited 2 branches of the dungeon, and saw 8 of its levels.

You collected 308 gold pieces.
You paid 102 gold pieces to Gozag.

Inventory:

Hand Weapons
 a - a +2 dagger of draining (weapon)
   (You took it off an orc wizard on level 3 of the Dungeon)
 c - a +0 hunting sling
   (You took it off a goblin on level 3 of the Dungeon)
 G - a +2 vorpal dire flail
   (You took it off Edmund on level 5 of the Dungeon)
Missiles
 d - 56 bolts
 i - 144 stones (quivered ammo)
 l - 82 sling bullets
Jewellery
 g - a ring of wizardry (left tentacle) {Wiz+, !d}
   (You found it on level 1 of the Dungeon)
 u - a ring of resist corrosion (right tentacle)
   (You found it on level 3 of the Dungeon)
 y - a ring of fire (on tentacle) {rF+, rC-}
   (You found it on level 4 of the Dungeon)
 C - an amulet of reflection (around mantle)
   (You found it on level 4 of the Dungeon)
 D - a ring of flight (on tentacle) {+Fly, !d}
   (You found it on level 6 of the Dungeon)
 E - a +6 ring of intelligence (on tentacle)
   (You found it on level 6 of the Dungeon)
Wands
 v - a wand of random effects (19)
   (You found it on level 3 of the Dungeon)
 I - a wand of polymorph (8)
   (You found it on level 5 of the Dungeon)
Scrolls
 b - a scroll of enchant armour
 e - a scroll of fog
 f - a scroll of random uselessness {unknown}
 k - a scroll of identify
 m - a scroll of amnesia
 o - 4 scrolls of remove curse
 p - a scroll of enchant weapon {unknown}
 r - 2 scrolls of noise {unknown}
 t - a scroll of teleportation
 B - a scroll of magic mapping {unknown}
 H - a scroll of immolation {unknown}
Potions
 h - a potion of mutation {!q}
 j - 3 potions of invisibility
 n - a potion of haste {unknown}
 q - 2 potions of cancellation
 s - 6 potions of curing
 w - a potion of flight {unknown}
 x - 2 potions of lignification {unknown}
 z - a potion of attraction {unknown}
 A - a potion of heal wounds
 F - a potion of might {unknown}


   Skills:
 - Level 5.0 Dodging
 - Level 5.0 Stealth
 - Level 2.0 Spellcasting
 * Level 9.7 Conjurations


You had 8 spell levels left.
You knew the following spells:

 Your Spells              Type           Power        Failure   Level
a - Magic Dart            Conj           ####         1%          1
b - Searing Ray           Conj           ######       1%          2

Your spell library contained the following spells:

 Spells                   Type           Power        Failure   Level
 Foxfire                  Conj/Fire      ####         1%          1
 Dazzling Flash           Conj/Hex       ####..       1%          3
 Fulminant Prism          Conj/Hex       ####......   5%          4
 Iskenderun's Mystic Bla  Conj/Tloc      ####....     5%          4


Dungeon Overview and Level Annotations

Branches:
Dungeon (7/15)             Temple (1/1) D:6

Altars:
Cheibriados
Dithmenos
Fedhas
Gozag
Hepliaklqana
Kikubaaqudgha
Makhleb
Nemelex Xobeh
Qazlal
Ru
Sif Muna
Trog
Uskayaw
Vehumet
Wu Jian
Xom
Yredelemnul
Zin
The Shining One

Shops:
D:5 (

Annotations:
D:5 Eustachio; Prince Ribbit
D:7 1 transporter, belegose's ghost, novice GnBr


Innate Abilities, Weirdness & Mutations

You cannot wear most types of armour.
You are very stealthy in the water. (Stealth+)
You are amphibious.
You can wear up to eight rings at the same time.
You can use your tentacles to constrict eight enemies at once.
Your skin changes colour to match your surroundings (Stealth+).
Your rubbery body absorbs attacks. (AC +1, EV +1)
You can translocate small distances at will.
You occasionally shout uncontrollably at your foes.
You expend magic power (3 MP) to strengthen your wands.


Message History

You kill the leopard gecko! (Press . to maintain the ray.)
You now have 9/11 mp.
You start resting.
MP restored: 11 You now have 151 gold pieces (gained 4).
j - 3 potions of invisibility (gained 2)
You open the door.
A quokka comes into view.
There is an open door here.
The searing ray hits the quokka!
You kill the quokka! (Press . to maintain the ray.)
You now have 9/11 mp.
You now have 158 gold pieces (gained 7).
I - a wand of polymorph (8) MP restored: 11 You open the door.
You shout at the jelly!
An adder and a jelly come into view.
The jelly quivers.
The adder hisses angrily.
Found a rapier.
Found Ciunyz's Weapon Boutique.
Aim: an adder (28% to evade)
The searing ray hits the jelly!
The searing ray hits the adder!!
You kill the adder! (Press . to maintain the ray.)
The jelly hits you. The acid corrodes you!
You are splashed with acid.
You resist.
You take 3 damage, and have 43/46 hp.
You now have 9/11 mp.
The searing ray hits the jelly!
You kill the jelly!
You now have 8/11 mp.
You now have 163 gold pieces (gained 5).
There is an open door here.
An ice beast comes into view.
Things that are here:
6 gold pieces; a rapier
Aim: an ice beast (wandering, hasn't noticed you, 17% to evade)
The searing ray hits the ice beast. (Press . to maintain the ray.)
You now have 6/11 mp.
The searing ray hits the ice beast!
The ice beast misses you.
You now have 5/11 mp.
You finish channeling your searing ray.
The ice beast closely misses you.
You now have 4/11 mp.
There is an open door here.
Aim: an ice beast (severely wounded, 17% to evade)
The searing ray misses the ice beast. (Press . to maintain the ray.)
The ice beast completely misses you.
You now have 2/11 mp.
The searing ray hits the ice beast.
The ice beast barely misses you.
You now have 1/11 mp.
The searing ray hits the ice beast!
You kill the ice beast!
You are no longer corroded.
You now have 0/11 mp.
You start resting.
Health restored: 46; MP restored: 11 You now have 179 gold pieces (gained 16).
You now have 185 gold pieces (gained 6).
You see here a rapier.
There is an abandoned shop here.
There is an entrance to Ciunyz's Weapon Boutique here.
You now have 203 gold pieces (gained 18).
An adder comes into view.
An adder is nearby!
The searing ray hits the adder!
You kill the adder! (Press . to maintain the ray.)
You now have 9/11 mp.
You start resting.
MP restored: 11
x - 2 puce potions (gained 1)
You now have 206 gold pieces (gained 3).
Prince Ribbit croaks.
Eustachio and a zombie come into view.
Prince Ribbit closely misses you. Prince Ribbit hits you.
You take 5 damage, and have 41/46 hp.
Aim: Prince Ribbit (30% to evade)
The searing ray hits Prince Ribbit! (Press . to maintain the ray.) Prince Ribbit barely misses you.
Prince Ribbit hits you!
You take 17 damage, and have 25/46 hp.
MASSIVE DAMAGE!!
You now have 9/11 mp.
The searing ray hits Prince Ribbit!
The searing ray hits the water moccasin zombie!
Prince Ribbit hits you!!
* * * LOW HITPOINT WARNING * * *
You take 18 damage, and have 7/46 hp.
MASSIVE DAMAGE!!
You now have 8/11 mp.
The searing ray hits Prince Ribbit!
The searing ray hits the water moccasin zombie!
Prince Ribbit hits you!
You die...
Your body crumbles into a pile of gold.

........# ####
#######.# #.. # # # #.#
#.# .#.. ##### #.#
#########.# )....
....###.#
#.........##@.....
........#
#.###...Z.......#
###.##### #.#
#Z###......## ##.## #.#
#F# #.####.# ##...##
#.# #@# #.. # #.....#
#.# #.# #.## ##....#
#.###.###.# ###.#.#
#.........# #.###.#
####..#####
...##.#######.......#
.∩............#####.'..
......#######.# #..
.∩.#### #.# $ .


You could see Prince Ribbit and a water moccasin zombie.

Vanquished Creatures
  A warg (D:7)
  Edmund (D:5)
  A black bear (D:6)
  An ice beast (D:5)
  3 ogres
  A centaur (D:7)
  A bullfrog (D:4)
  A centaur zombie (D:7)
  2 jellies
  2 orc priests
  3 orc wizards (D:3)
  Jessica (D:2)
  An iguana (D:4)
  A worker ant (D:6)
  Natasha (thrice) (D:2)
  A worker ant zombie (D:5)
  3 gnolls (D:6)
  6 adders
  2 oozes
  A worm (D:2)
  3 leopard geckos
  12 orcs
  9 bats
  6 giant cockroaches
  11 goblins
  5 hobgoblins
  12 jackals
  3 quokkas
  A ball python (D:2)
  13 frilled lizards
  6 kobolds
  2 leopard gecko skeletons (D:4)
  6 rats
125 creatures vanquished.

Notes
Turn   | Place    | Note
-------+----------+-------------------------------------------
     0 | D:1      | sokol815 the Octopode Conjurer began the quest for the Orb.
     0 | D:1      | Reached XP level 1. HP: 11/11 MP: 3/3
   135 | D:1      | Reached skill level 3 in Stealth
   304 | D:1      | Reached XP level 2. HP: 17/17 MP: 1/5
   991 | D:1      | Reached XP level 3. HP: 21/21 MP: 3/6
  1403 | D:2      | Reached skill level 4 in Stealth
  1459 | D:2      | Noticed Natasha
  1501 | D:2      | Killed Natasha
  1502 | D:2      | Reached XP level 4. HP: 18/27 MP: 1/7
  1593 | D:1      | Learned a level 2 spell: Searing Ray
  1595 | D:2      | Noticed Natasha
  1599 | D:2      | Killed Natasha
  1676 | D:2      | Noticed Natasha
  1686 | D:2      | Killed Natasha
  1763 | D:2      | Reached skill level 5 in Stealth
  1842 | D:2      | Noticed Jessica
  1852 | D:2      | Killed Jessica
  1853 | D:2      | Reached skill level 5 in Conjurations
  1853 | D:2      | Reached XP level 5. HP: 18/31 MP: 3/8
  2027 | D:2      | Reached skill level 3 in Dodging
  2605 | D:3      | Noticed an ogre
  2618 | D:3      | Killed an ogre
  2619 | D:3      | Reached XP level 6. HP: 36/36 MP: 3/9
  2976 | D:3      | Reached skill level 6 in Conjurations
  3183 | D:3      | Found a shimmering blue altar of Sif Muna.
  3352 | D:3      | Reached skill level 4 in Dodging
  3467 | D:3      | Identified Sif Muna's Reference Book on Flames
  3895 | D:3      | Gained mutation: You do not regenerate when monsters are
                  | visible. [potion of mutation]
  3895 | D:3      | Gained mutation: You are clumsy. (Dex -2) [potion of
                  | mutation]
  3895 | D:3      | Gained mutation: You can translocate small distances at
                  | will. [potion of mutation]
  3895 | D:3      | Gained mutation: You expend magic power (3 MP) to
                  | strengthen your wands. [potion of mutation]
  3896 | D:3      | Lost mutation: You are clumsy. (Dex -2) [potion of
                  | mutation]
  3896 | D:3      | Lost mutation: You do not regenerate when monsters are
                  | visible. [potion of mutation]
  3896 | D:3      | Lost mutation: You can translocate small distances at will.
                  | [potion of mutation]
  3896 | D:3      | Gained mutation: You occasionally shout uncontrollably at
                  | your foes. [potion of mutation]
  3896 | D:3      | Gained mutation: You can translocate small distances at
                  | will. [potion of mutation]
  4189 | D:4      | Reached XP level 7. HP: 41/41 MP: 4/10
  4339 | D:4      | Reached skill level 7 in Conjurations
  5097 | D:4      | You fall into a shaft and drop 3 floors!
  5207 | D:7      | Reached skill level 5 in Dodging
  5240 | D:7      | Noticed a warg
  5246 | D:7      | Noticed a warg
  5248 | D:7      | Reached skill level 8 in Conjurations
  5248 | D:7      | Reached XP level 8. HP: 32/46 MP: 6/11
  5472 | D:7      | Found a transporter.
  5474 | D:7      | Noticed belegose's ghost (novice GnBr)
  5820 | D:6      | Found a staircase to the Ecumenical Temple.
  5829 | Temple   | Entered the Ecumenical Temple
  5862 | Temple   | Became a worshipper of Gozag Ym Sagoz the Greedy
  6085 | D:5      | Entered Level 5 of the Dungeon
  6090 | D:5      | Reached skill level 9 in Conjurations
  6119 | D:5      | Noticed Prince Ribbit
  6266 | D:5      | Noticed Edmund
  6272 | D:5      | Killed Edmund
  6637 | D:5      | Found Ciunyz's Weapon Boutique.
  6918 | D:5      | Noticed Eustachio
  6927 | D:5      | HP: 7/46 [Prince Ribbit (18)]
  6928 | D:5      | Slain by Prince Ribbit

Illustrated notes

Levels and vault maps discovered:
D:1:      lightli_arrival_noodles, layout_loops_cross
D:2:      layout_basic, uniq_jessica, uniq_natasha
D:3:      layout_basic, led_sif_book
D:4:      layout_loops_corners
D:5:      layout_loops_corners, serial_shops,
          nicolae_shop_competitors_out_of_business, uniq_prince_ribbit1,
          uniq_edmund, uniq_eustachio
D:6:      layout_basic, minmay_temple_entry_antechambers, serial_shops,
          nicolae_shop_window_shopping, hex_intersection,
          minmay_misc_feat_four_crosses, hangedman_decor_growths
D:7:      lemuel_castle_with_subvaults [lemuel_castle_interior_carwin_3],
          layout_cave_pods, gammafunk_ghost_arena, uniq_duvessa
Temple:   nicolae_temple_the_god_donut

Skill      XL: |  1  2  3  4  5  6  7  8 |
---------------+-------------------------+-----
Stealth        | 3 4 5 |  5.0
Conjurations   | 5 6 8 9 |  9.7
Dodging        | 3 4 5 |  5.0
Spellcasting   | |  2.0

Action                   |  1- 3 |  4- 6 |  7- 9 || total
-------------------------+-------+-------+-------++-------
Melee: Dagger            |    25 |    21 |     8 ||    54
       Constrict         |     7 |     6 |     2 ||    15
       Tentacles         |     3 |     4 |       ||     7
 Fire: Hunting sling     |       |     4 |    11 ||    15
Throw: Stone             |     1 |       |       ||     1
 Cast: Magic Dart        |    62 |    87 |     4 ||   153
       Searing Ray       |       |     9 |    28 ||    37
  Use: Scroll            |     2 |     5 |     2 ||     9
       Potion            |       |     2 |       ||     2
 Stab: Sleeping          |       |       |     1 ||     1
Armor: Skin              |     1 |       |     1 ||     2
Dodge: Dodged            |    17 |    18 |    30 ||    65
Block: Other             |       |       |     5 ||     5
       Reflection        |       |       |     1 ||     1

Table legend: (Time is in decaauts)
 A = Elapsed time spent in this place.
 B = Non-inter-level travel time spent in this place.
 C = Inter-level travel time spent in this place.
 D = Time resting spent in this place.
 E = Time spent auto-exploring this place.
 F = Levels seen in this place.
 G = Mean time per level.
                   A        B        C        D        E       F      G
               +--------+--------+--------+--------+--------+-----+--------+
         Total |   6935 |   6779 |    156 |   2441 |   3326 |   8 |  866.9 |
       Dungeon |   6868 |   6745 |    123 |   2441 |   3299 |   7 |  981.1 |
        Temple |     66 |     33 |     33 |      0 |     27 |   1 |   66.0 |
               +--------+--------+--------+--------+--------+-----+--------+

Top non-repeatable levels by time:
     D:3: 1586 daAuts
     D:1: 1485 daAuts
     D:4: 1146 daAuts
     D:2: 1010 daAuts
     D:5: 720 daAuts
     D:6: 534 daAuts
     D:7: 385 daAuts
  Temple: 66 daAuts

Table legend:
 A = Kills in this place as a percentage of kills in entire the game.
 B = Kills by you in this place as a percentage of kills by you in the entire game.
 C = Kills by friends in this place as a percentage of kills by friends in the entire game.
 D = Other kills in this place as a percentage of other kills in the entire game.
 E = Experience gained in this place as a percentage of experience gained in the entire game.
 F = Experience gained in this place divided by the number of levels of this place that you have seen.
                   A       B       C       D       E      F
               +-------+-------+-------+-------+-------+----------------------
         Total | 100.0 | 100.0 |   N/A |   N/A | 100.0 | 251.6
       Dungeon | 100.0 | 100.0 |   N/A |   N/A | 100.0 | 287.6
               +-------+-------+-------+-------+-------+----------------------
